 Dungeon Crawl Stone Soup version 0.25-a0-404-gc1b5a34292 (webtiles) character file.

Game seed: 17995595568832939196, levelgen mode: deterministic

58 Flugkiller the Grasshopper (level 3, 0/20 HPs)
             Began as a Deep Elf Warper on Jan 11, 2020.
             Succumbed to an adder's poison
             ... on level 2 of the Dungeon.
             The game lasted 00:04:41 (2639 turns).

Flugkiller the Grasshopper (Deep Elf Warper)        Turns: 2639, Time: 00:04:42

Health: 0/20       AC:  3    Str:  8    XL:     3   Next: 76%
Magic:  5/10       EV: 12    Int: 18    God:
Gold:   59         SH:  0    Dex: 14    Spells: 5/9 levels left

rFire    . . .     SeeInvis .   h - -1 long sword
rCold    . . .     Gourm    .   (no shield)
rNeg     . . .     Faith    .   b - +0 leather armour
rPois    .         Spirit   .   (no helmet)
rElec    .         Reflect  .   (no cloak)
rCorr    .         Harm     .   (no gloves)
MR       .....                  (no boots)
Stlth    ++........             (no amulet)
HPRegen  0.06/turn              (no ring)
MPRegen  0.12/turn              (no ring)

@: lethally poisoned (0 -> -1), shrouded (expiring), very slightly contaminated
A: no striking features
a: no special abilities


You were on level 2 of the Dungeon.
You were hungry.

You visited 1 branch of the dungeon, and saw 2 of its levels.

You collected 59 gold pieces.

Inventory:

Hand Weapons
 a - a +0 short sword
 h - a -1 long sword (weapon)
   (You found it on level 2 of the Dungeon)
Missiles
 c - 26 sling bullets
Armour
 b - a +0 leather armour (worn)
Comestibles
 f - 3 rations
 i - a chunk of flesh


   Skills:
 - Level 1.5 Fighting
 - Level 2.0 Short Blades
 - Level 1.0 Throwing
 - Level 0.7 Armour
 - Level 2.4 Dodging
 - Level 3.1 Stealth
 + Level 3.5 Spellcasting
 * Level 4.1 Translocations


You had 5 spell levels left.
You knew the following spells:

 Your Spells              Type           Power        Failure   Level  Hunger
b - Shroud of Golubria    Chrm/Tloc      ##....       14%         2    ##.....
r - Blink                 Tloc           N/A          6%          2    ##.....

Your spell library contained the following spells:

 Spells                   Type           Power        Failure   Level  Hunger
 Gell's Gravitas          Tloc           ###.......   12%         3    ###....
 Lesser Beckoning         Tloc           ###.......   12%         3    ###....
 Teleport Other           Tloc           ###.....     12%         3    ###....
 Passage of Golubria      Tloc           N/A          38%         4    ####...


Dungeon Overview and Level Annotations

Branches:
Dungeon (2/15)

Altars:

Annotations:
D:1 exclusion: gnoll
D:2 Sigmund


Message History

Space distorts slightly along a thin shroud covering your body.
You are feeling hungry.
The adder closely misses you. The adder bites you but does no damage.
Unknown command.
You hit the adder but do no damage. The adder barely misses you.
You riposte.
You closely miss the adder. You hit the adder.
The adder is lightly wounded.
The adder bites you.
* * * LOW HITPOINT WARNING * * *
The adder barely misses you.
You barely miss the adder.
The adder is lightly wounded.
The adder barely misses you. The adder bites you.
* * * LOW HITPOINT WARNING * * *
You are poisoned.
The adder poisons you!
Your shroud falls apart!
Casting: Shroud of Golubria (safe; 14% risk of failure)
Confirm with . or Enter, or press ? or * to list all spells.
Space distorts slightly along a thin shroud covering your body.
You feel sick. The adder bites you.
* * * LOW HITPOINT WARNING * * *
You aren't carrying any potions.
As you read the scroll labeled PAPNOUL CIGU, it crumbles to dust.
You feel as if something is helping you.
It was a scroll of remove curse.
The adder barely misses you.
As you read the scroll labeled ZEMADI CEVA, it crumbles to dust.
The creatures around you are filled with an inner flame!
It was a scroll of immolation.
The adder closely misses you. The adder barely misses you.
You aren't carrying any items that you can evoke.
You aren't carrying any potions.
Blink to where?
Press: ? - help, Dir - move target cursor You are very lightly contaminated with residual magic.
As you read the scroll of blinking, it crumbles to dust.
* * * LOW HITPOINT WARNING * * *
You feel sick.
Quiver which item? (- for none, * to show all) (? for menu, Esc to quit)
Okay, then.
Enter note: AAAAAAAAAAAAAAAAAAAAAAAAAAAAAAAAAAAAAAAAAAAAAAAAAAAAAAAAAAAAAAAAAAAAAAAAAAAAAAA AAAAAAAAAAA Your shroud begins to fray at the edges.
* * * LOW HITPOINT WARNING * * *
You feel sick.
Found 23 stones.
Unknown command.
Unknown command.
Unknown command.
You die...

#.....................
#......#####............
.................(...#..
........#####.#..#.#...
........#####.#......#
.<...............##.#
####.....###........#
####.##........#....####
#.....#.....#...@.?.....
..#.#................#.#
# #.#.###).#...........#
##.#......#..........##
#.....#..............#
...###.#.#)......<..###
.#. ..#.#<......#### ..
#....#..........#
..#..........##..$


There were no monsters in sight!

Vanquished Creatures
  An adder (D:1)
  A gnoll (D:1)
  A worm (D:1)
  2 dart slugs (D:1)
  2 leopard geckos (D:1)
  4 bats (D:1)
  A giant cockroach (D:1)
  2 goblins
  2 hobgoblins (D:1)
  5 jackals
  3 kobolds
  2 quokkas (D:2)
  A frilled lizard (D:1)
  4 rats (D:1)
31 creatures vanquished.

Notes
Turn   | Place    | Note
-------+----------+-------------------------------------------
     0 | D:1      | Flugkiller the Deep Elf Warper began the quest for the Orb.
     0 | D:1      | Reached XP level 1. HP: 12/12 MP: 6/6
    81 | D:1      | nice meme.
   152 | D:1      | two d:1 gnolls, that are outside each exit from the
                  | entrance vault
   152 | D:1      | amazing
   193 | D:1      | Reached XP level 2. HP: 10/16 MP: 8/8
   969 | D:1      | Learned a level 2 spell: Blink
   972 | D:1      | Learned a level 2 spell: Shroud of Golubria
  1454 | D:1      | Reached XP level 3. HP: 20/20 MP: 9/9
  1577 | D:2      | Noticed Sigmund
  2116 | D:1      | I fucking hate this game
  2302 | D:2      | Reached skill level 4 in Translocations
  2632 | D:2      | AAAAAAAAAAAAAAAAAAAAAAAAAAAAAAAAAAAAAAAAAAAAAAAAAAAAAAAAAAA
                  | AAAAAAAAAAAAAAAAAAAAAAAAAAAAAAA
  2635 | D:2      | HP: 1/20 [poisoned by an adder]
  2639 | D:2      | Succumbed to an adder's poison

Levels and vault maps discovered:
D:1:      wheals_arrival_linesprint, layout_basic
D:2:      layout_rooms, lemuel_round_altar, nicolae_overflow_hidden_temple,
          grunt_dithmenos_smoke, chequers_arboretum, minmay_tromino_i4,
          uniq_sigmund

Skill      XL: |  1  2  3 |
---------------+----------+-----
Stealth        | 2 3 |  3.1
Translocations | 4 |  4.1
Fighting       | |  1.5
Short Blades   | |  2.0
Throwing       | |  1.0
Armour         | |  0.7
Dodging        | |  2.4
Spellcasting   | |  3.5

Action                   || total
-------------------------++-------
Melee: Short sword       ||   149
       Long sword        ||    35
Throw: Boomerang         ||     5
 Cast: Shroud of Golubri ||    14
       Blink             ||     4
  Use: Scroll            ||     4
       Potion            ||     1
 Stab: Sleeping          ||     3
  Eat: Chunk             ||     6
Armor: Leather armour    ||    56
Dodge: Dodged            ||   180
       Rpst.: Long sword ||    12

Table legend:
 A = Non-vault XP
 B = Vault XP
 C = Vault XP percentage of total XP
 D = Non-vault monster count
 E = Vault monster count
 F = Vault count percentage of total count
                 A         B        C        D         E       F
            +---------+---------+-------+---------+---------+-------
      Total |      69 |      15 |  17.9 |      29 |       2 |   6.5
            +---------+---------+-------+---------+---------+-------
        D:1 |      60 |      15 |  20.0 |      24 |       2 |   7.7
        D:2 |       9 |       0 |   0.0 |       5 |       0 |   0.0
            +---------+---------+-------+---------+---------+-------
